 Dungeon Crawl Stone Soup version 0.17.0-25-gefc9c12 (webtiles) character file.

42 vatarom the Insei (level 3, -1/25 HPs)
             Began as an Octopode Transmuter on Nov 18, 2015.
             Killed by nerve-wracking pain
             ... invoked by Grinder
              (10 damage)
             ... on level 3 of the Dungeon.
             The game lasted 00:02:31 (1495 turns).

vatarom the Insei (Octopode Transmuter)             Turns: 1495, Time: 00:02:32

Health: -1/25      AC:  1    Str: 10    XL:     3   Next: 54%
Magic:  5/6        EV: 12    Int: 15    God:
Gold:   62         SH:  0    Dex: 12    Spells: 3 memorised, 0 levels left

rFire  . . .     SeeInvis .       - Unarmed
rCold  . . .     Clarity  .     (no shield)
rNeg   . . .     SustAt   .     (helmet restricted)
rPois  .         Gourm    .     (no amulet)
rElec  .         Spirit   .     (no ring)
rCorr  .         Warding  .     (no ring)
rMut   .         Stasis   .     (no ring)
MR     .....                    (no ring)
Stlth  ++........               (no ring)
                                (no ring)
                                (no ring)
                                (no ring)

@: appendage (expiring), not resistant to hostile enchantments, unstealthy
A: almost no armour, amphibious, 8 rings, constrict 8, tentacle spike 3,
camouflage 1, gelatinous body 1
a: End Transformation


You were on level 3 of the Dungeon.
You were not hungry.
One of your tentacles had a temporary spike.
You visited 1 branch of the dungeon, and saw 3 of its levels.

You collected 62 gold pieces.

Inventory:

Hand Weapons
 g - a cursed -3 dagger
Missiles
 a - 24 arrows
Scrolls
 d - 2 scrolls of blinking
 e - a scroll of remove curse
Books
 b - a book of Changes

   Spells                             Type                      Level
   a - Beastly Appendage              Transmutation                1
   b - Sticks to Snakes               Transmutation                2
   c - Spider Form                    Transmutation/Poison         3
   d - Ice Form                       Ice/Transmutation            4
   e - Blade Hands                    Transmutation                5
Comestibles
 c - a bread ration


   Skills:
 + Level 2.5 Fighting
 - Level 2.0 Dodging
 - Level 3.0 Unarmed Combat
 - Level 2.0 Spellcasting
 + Level 2.8 Transmutations


You couldn't memorise any spells.
You knew the following spells:

 Your Spells              Type           Power        Failure   Level  Hunger
a - Beastly Appendage     Trmt           ##....       10%         1    #......
b - Sticks to Snakes      Trmt           ##........   12%         2    ###....
c - Spider Form           Trmt/Pois      #.........   43%         3    ###....


Dungeon Overview and Level Annotations

Branches:
Dungeon (3/15)

Altars:
Fedhas
Nemelex Xobeh

Annotations:
D:3 Grinder


Innate Abilities, Weirdness & Mutations

You cannot wear most types of armour.
You are amphibious.
You can wear up to eight rings at the same time.
You can use your tentacles to constrict eight enemies at once.
Your skin changes colour to match your surroundings (Stealth).
Your rubbery body absorbs attacks (AC +1).
One of your tentacles bears a large vicious spike.


Message History

You resist with significant effort.
Casting: Beastly Appendage
Confirm with . or Enter, or press ? or * to list all spells.
Okay, then.
You tentacle-slap Grinder. You grab Grinder. You squeeze Grinder.
Grinder is moderately wounded.
You constrict Grinder. Grinder hits you.
You writhe in agony.
You writhe in agony.
You tentacle-slap Grinder but do no damage.
Grinder is moderately wounded.
You constrict Grinder. Grinder hits you.
You writhe in agony.
You tentacle-slap Grinder. You squeeze Grinder.
Grinder is heavily wounded.
You constrict Grinder. Grinder hits you.
You writhe in agony.
Drink which item? (? for menu, Esc to quit)
It was a potion of cure mutation.
It has a very clean taste.
You constrict Grinder. Grinder gestures at you. Pain shoots through your body!
You die...

##.##.. ....#.. ###
##..... .. ....... ..
#.....##. #.......
#.....5# +.....@# ##
#......# . ## #......# #.
#.#######..#...# #.#
...............###.##
...........<........
#.#.......#######.## ###
#.#.#...........#.# #<#
#.#.##.#......#...#####.#


You could see Grinder.

Vanquished Creatures
  An adder (D:2)
  A worm (D:2)
  2 giant geckos (D:2)
  A ball python (D:2)
  6 hobgoblins
  2 bats
  2 giant cockroaches
  3 giant newts
  4 goblins (D:2)
  2 kobolds (D:1)
  5 rats
29 creatures vanquished.

Notes
Turn   | Place    | Note
--------------------------------------------------------------
     0 | D:1      | vatarom the Octopode Transmuter began the quest for the Orb.
     0 | D:1      | Reached XP level 1. HP: 13/13 MP: 3/3
   370 | D:1      | Reached XP level 2. HP: 16/18 MP: 1/5
   571 | D:2      | Learned a level 2 spell: Sticks to Snakes
   864 | D:2      | Found a blossoming altar of Fedhas.
   877 | D:2      | Reached XP level 3. HP: 18/25 MP: 6/6
   916 | D:2      | Learned a level 3 spell: Spider Form
  1337 | D:2      | Found a sparkling altar of Nemelex Xobeh.
  1486 | D:3      | Noticed Grinder
  1495 | D:3      | Killed from afar by Grinder

Action                   || total
-------------------------++-------
Melee: Unarmed           ||    64
 Cast: Beastly Appendage ||    21
       Sticks to Snakes  ||     2
  Use: Scroll            ||     7
       Potion            ||     3
 Stab: Sleeping          ||     2
  Eat: Chunk             ||     3
